 Dungeon Crawl Stone Soup version 0.21.1-1-g345015f (webtiles) character file.

560 Mirai the Conjurer (level 7, -4/36 HPs)
             Began as a Deep Elf Conjurer on Feb 18, 2018.
             Shot with an arrow by a centaur (6 damage)
             ... on level 5 of the Dungeon.
             The game lasted 00:15:02 (3607 turns).

Mirai the Conjurer (Deep Elf Conjurer)              Turns: 3607, Time: 00:15:03

Health: -4/36      AC:  5    Str:  5    XL:     7   Next: 9%
Magic:  1/18       EV: 13    Int: 22    God:
Gold:   166        SH:  0    Dex: 15    Spells: 7/18 levels left

rFire    + . .     SeeInvis .   o - staff of earth
rCold    . . .     Gourm    .   (no shield)
rNeg     . . .     Faith    .   n - +1 robe
rPois    .         Spirit   .   d - +0 helmet
rElec    .         Reflect  .   q - +0 cloak
rCorr    .         Harm     .   (no gloves)
MR       .....                  (no boots)
Stlth    +++.......             (no amulet)
HPRegen  0.12/turn              k - ring of protection from fire
MPRegen  0.16/turn              a - ring of stealth (curse)

@: very slightly contaminated
A: no striking features
a: no special abilities


You were on level 5 of the Dungeon.
You were not hungry.

You visited 1 branch of the dungeon, and saw 5 of its levels.

You collected 166 gold pieces.

Inventory:

Hand Weapons
 j - a +1 dagger
 l - a +0 dagger
 m - a +0 dagger
 r - a +0 short sword
 t - a +0 short sword
Armour
 d - a +0 helmet (worn)
 n - a +1 robe (worn)
 q - a +0 cloak (worn)
 s - a +0 leather armour
Magical Staves
 o - an uncursed staff of earth (weapon)
Jewellery
 a - a cursed ring of stealth (right hand)
 k - a ring of protection from fire (left hand)
Scrolls
 e - 4 scrolls of identify
 f - 2 scrolls of fear {unknown}
 g - a scroll of remove curse
 h - 3 scrolls of teleportation
 i - 2 scrolls of immolation
 p - a scroll of enchant weapon
 v - a scroll of noise {unknown}
Potions
 u - a potion of resistance
Books
 b - a book of Conjurations

   Spells                             Type                      Level
   a - Magic Dart                     Conjuration                  1
   b - Searing Ray                    Conjuration                  2
   c - Dazzling Spray                 Conjuration/Hexes            3
   d - Fulminant Prism                Conjuration/Hexes            4
   e - Force Lance                    Conjuration/Translocation    4
   f - Iskenderun's Mystic Blast      Conjuration                  4
Comestibles
 c - 9 rations


   Skills:
 + Level 3.0 Dodging
 + Level 3.1 Stealth
 + Level 6.3 Spellcasting
 + Level 6.8 Conjurations
 * Level 2.1 Hexes
 * Level 2.7 Evocations


You had 7 spell levels left.
You knew the following spells:

 Your Spells              Type           Power        Failure   Level  Hunger
a - Magic Dart            Conj           ####         1%          1    None
b - Searing Ray           Conj           #####.       1%          2    None
c - Iskenderun's Mystic   Conj           #####...     5%          4    ###....
d - Fulminant Prism       Conj/Hex       ####......   14%         4    ###....


Dungeon Overview and Level Annotations

Branches:
Dungeon (5/15)
 Temple: D:4-7

Altars:
Kikubaaqudgha


Message History

Okay, then.
Okay, then.
Okay, then.
Casting: Iskenderun's Mystic Blast
Confirm with . or Enter, or press ? or * to list all spells.
Aiming: Iskenderun's Mystic Blast
Press: ? - help, Shift-Dir - straight line, f/p - centaur
Aim: a centaur, wielding a shortbow (heavily wounded, unusually resistant)
The orb of energy hits the centaur.
The centaur is almost dead.
The orb of energy explodes!
The centaur shoots an arrow.
The arrow completely misses you.
Casting: Iskenderun's Mystic Blast
Confirm with . or Enter, or press ? or * to list all spells.
Aiming: Iskenderun's Mystic Blast
Press: ? - help, Shift-Dir - straight line, f/p - centaur
Aim: a centaur, wielding a shortbow (almost dead, unusually resistant)
You miscast Iskenderun's Mystic Blast.
Your hair stands on end.
The centaur shoots an arrow.
The arrow hits you.
You die...

#...##.#
#......#
#...
#(##
..###(#
#†#.##
#c## #.#
#c####
###
#((@.#
..
####(#
##. #.#
#. #.#
#. #.#
#. #.#
#. #.#
#. #.#
#. #.#
#.


You could see a centaur.

Vanquished Creatures
  An ice beast (D:5)
  An ogre (D:4)
  A centaur (D:5)
  A scorpion (D:4)
  An orc priest (D:3)
  3 worker ants
  Robin (D:4)
  A howler monkey skeleton (D:5)
  5 adders
  3 dart slugs (D:3)
  3 leopard geckos
  10 orcs
  4 giant cockroaches
  11 goblins
  5 hobgoblins
  2 jackals (D:3)
  A quokka (D:5)
  A ball python (D:2)
  7 bats
  2 frilled lizards (D:3)
  4 kobolds
  7 rats
75 creatures vanquished.

Vanquished Creatures (others)
  8 fulminant prisms
8 creatures vanquished.

Grand Total: 83 creatures vanquished

Notes
Turn   | Place    | Note
-------+----------+-------------------------------------------
     0 | D:1      | Mirai the Deep Elf Conjurer began the quest for the Orb.
     0 | D:1      | Reached XP level 1. HP: 10/10 MP: 6/6
   809 | D:2      | Reached skill level 5 in Conjurations
   809 | D:2      | Reached XP level 2. HP: 15/15 MP: 1/8
   969 | D:2      | Learned a level 2 spell: Searing Ray
  1077 | D:2      | Reached XP level 3. HP: 19/19 MP: 1/9
  1736 | D:3      | Reached XP level 4. HP: 20/24 MP: 7/11
  1910 | D:3      | Reached skill level 1 in Evocations
  2329 | D:4      | Noticed an ogre
  2335 | D:4      | Learned a level 4 spell: Iskenderun's Mystic Blast
  2341 | D:4      | Killed an ogre
  2341 | D:4      | Reached skill level 5 in Spellcasting
  2341 | D:4      | Reached XP level 5. HP: 28/28 MP: 5/14
  2349 | D:4      | Learned a level 4 spell: Fulminant Prism
  2460 | D:4      | Found an ancient bone altar of Kikubaaqudgha.
  2479 | D:4      | Reached skill level 1 in Hexes
  2479 | D:4      | Reached XP level 6. HP: 32/32 MP: 9/15
  2745 | D:4      | Noticed Robin
  2819 | D:4      | Killed Robin
  3214 | D:5      | Entered Level 5 of the Dungeon
  3340 | D:5      | Noticed an ice beast
  3372 | D:5      | Killed an ice beast
  3372 | D:5      | Reached XP level 7. HP: 36/36 MP: 0/18
  3607 | D:5      | Shot with an arrow by a centaur

Skill      XL: |  1  2  3  4  5  6  7 |
---------------+----------------------+-----
Conjurations   | 5 6 |  6.8
Evocations     | 1 2 |  2.7
Spellcasting   | 5 6 |  6.3
Stealth        | 3 |  3.1
Hexes          | 1 2 |  2.1
Dodging        | 3 |  3.0

Action                   |  1- 3 |  4- 6 |  7- 9 || total
-------------------------+-------+-------+-------++-------
Melee: Dagger            |     1 |       |       ||     1
       Staff             |       |     9 |       ||     9
 Cast: Magic Dart        |    70 |    40 |     1 ||   111
       Searing Ray       |     2 |     8 |     2 ||    12
       Fulminant Prism   |       |     6 |     2 ||     8
       Iskenderun's Myst |       |     2 |     2 ||     4
  Use: Scroll            |     6 |     3 |       ||     9
       Potion            |       |     3 |       ||     3
  Eat: Chunk             |     2 |     5 |       ||     7
       Ration            |       |       |     1 ||     1
Armor: Robe              |     6 |     4 |       ||    10
Dodge: Dodged            |     8 |    37 |     5 ||    50
